 Dungeon Crawl Stone Soup version 0.18-a0-1577-gf591c28 (console) character file.

147 Liam the Conjurer (level 5, -2/28 HPs)
             Began as a Deep Elf Conjurer on Mar 22, 2016.
             Killed from afar by Liam's ghost (9 damage)
             ... with a magic dart
             ... on level 3 of the Dungeon.
             The game lasted 00:03:05 (2794 turns).

Liam the Conjurer (Deep Elf Conjurer)               Turns: 2794, Time: 00:03:05

Health: -2/28      AC:  2    Str:  5    XL:     5   Next: 8%
Magic:  6/14       EV: 13    Int: 21    God:
Gold:   136        SH:  0    Dex: 15    Spells: 2 memorised, 9 levels left

rFire  . . .     SeeInvis .     (no weapon)
rCold  . . .     Gourm    .     a - +0 robe
rNeg   . . .     Faith    .     (no shield)
rPois  .         Spirit   .     (no helmet)
rElec  .         Dismiss  .     (no cloak)
rCorr  .         Reflect  .     (no gloves)
SustAt .         Harm     .     (no boots)
MR     .....                    (no amulet)
Stlth  ++........               (no ring)
                                (no ring)

@: very slightly contaminated, not resistant to hostile enchantments, unstealthy
A: no striking features
a: no special abilities


You were on level 3 of the Dungeon.
You were not hungry.

You visited 1 branch of the dungeon, and saw 3 of its levels.

You collected 136 gold pieces.

Inventory:

Armour
 a - a +0 robe (worn)
Jewellery
 l - an uncursed amulet of guardian spirit
Scrolls
 e - a scroll of identify {unknown}
 i - 2 scrolls of remove curse {unknown}
 k - 2 scrolls of magic mapping {unknown}
 m - a scroll of teleportation {unknown}
 n - a scroll of blinking {unknown}
Potions
 d - a potion of cure mutation {unknown}
 f - 2 potions of flight {unknown}
 h - a potion of curing {unknown}
 j - 3 potions of might {unknown}
 o - a potion of magic {unknown}
Books
 b - a book of Conjurations

   Spells                             Type                      Level
   a - Magic Dart                     Conjuration                  1
   b - Searing Ray                    Conjuration                  2
   c - Dazzling Spray                 Conjuration/Hexes            3
   d - Fulminant Prism                Conjuration/Hexes            4
   e - Iskenderun's Mystic Blast      Conjuration                  4
   f - Iskenderun's Battlesphere      Conjuration/Charms           5
Comestibles
 c - 5 bread rations
 g - 2 meat rations


   Skills:
 - Level 2.4 Dodging
 - Level 2.4 Stealth
 + Level 5.3 Spellcasting
 + Level 5.9 Conjurations


You had 9 spell levels left.
You knew the following spells:

 Your Spells              Type           Power        Failure   Level  Hunger
a - Magic Dart            Conj           ####         1%          1    None
x - Iskenderun's Mystic   Conj           ####....     12%         4    ####...


Dungeon Overview and Level Annotations

Branches:
Dungeon (3/15)

Altars:
Nemelex Xobeh
Qazlal
Xom

Annotations:
D:3 Grinder; Liam's ghost, amateur HEWz


Message History

Liam's ghost says, "I practised a lot since I died."
Casting: Magic Dart
Confirm with . or Enter, or press ? or * to list all spells.
Aiming: Magic Dart
Press: ? - help, Shift-Dir - straight line, f - Grinder
Aim: Grinder The magic dart hits Grinder.
Liam's ghost points at you and mumbles some strange words.
The magic dart hits you!
Liam's ghost gestures at you while chanting.
The magic dart hits you!
Grinder gestures.
Grinder blinks!
Liam's ghost points at you and mumbles some strange words.
The magic dart hits you!
* * * LOW HITPOINT WARNING * * *
Found a leather armour.
Liam's ghost points at you and mumbles some strange words.
The magic dart hits you!
You die...

....... #..........# .....%.
#########..........#
.......###..5.†..............#
.......#...#######............
.........### #............
.......### ###.###.....
....... #.# .....
.......#############.####....
....[.....[...@..5..<........
######.#####..####..........#
.....#...#.............
.^..#.....W#...........>.
....#.$..................
.........>...#.....######
###........)......#####
###..........)...####
#................#


You could see Grinder and Liam's ghost.

Vanquished Creatures
  Natasha (thrice) (D:2)
  3 worms (D:2)
  3 dart slugs
  A giant gecko (D:2)
  3 orcs (D:3)
  3 giant cockroaches
  8 goblins
  5 hobgoblins
  2 quokkas (D:3)
  10 bats
  2 giant newts
  4 kobolds
  10 rats
57 creatures vanquished.

Notes
Turn   | Place    | Note
--------------------------------------------------------------
     0 | D:1      | Liam the Deep Elf Conjurer began the quest for the Orb.
     0 | D:1      | Reached XP level 1. HP: 10/10 MP: 6/6
   306 | D:1      | Reached XP level 2. HP: 15/15 MP: 4/8
  1058 | D:2      | Reached XP level 3. HP: 19/19 MP: 7/10
  1137 | D:2      | Found a shimmering altar of Xom.
  1155 | D:2      | Reached skill level 5 in Conjurations
  1176 | D:2      | Found a sparkling altar of Nemelex Xobeh.
  1355 | D:2      | Noticed Natasha
  1359 | D:2      | Killed Natasha
  1387 | D:2      | Reached XP level 4. HP: 24/24 MP: 5/12
  1393 | D:2      | Learned a level 4 spell: Iskenderun's Mystic Blast
  1423 | D:2      | Found a stormy altar of Qazlal.
  1562 | D:2      | Noticed Natasha
  1566 | D:2      | Killed Natasha
  1727 | D:2      | Reached skill level 5 in Spellcasting
  1855 | D:2      | Noticed Natasha
  1858 | D:2      | Killed Natasha
  2050 | D:3      | Noticed Grinder
  2129 | D:3      | Noticed Liam's ghost (amateur HEWz)
  2228 | D:3      | Reached XP level 5. HP: 28/28 MP: 9/14
  2794 | D:3      | Killed from afar by Liam's ghost

Vault maps used:
D:1:      dpeg_arrival_leaves_temple_mockup, hex_large
D:2:      lemuel_doored_altar, old_standard_altar,
          nemelex_xobeh_ov_fountains_minmay, first_bread, uniq_natasha
D:3:      uniq_grinder, uniq_purgy

Skill      XL: |  1  2  3  4 |
---------------+-------------+-----
Spellcasting   | 4 5 |  5.3
Conjurations   | 5 |  5.9
Dodging        | |  2.4
Stealth        | |  2.4

Action                   |  1- 3 |  4- 6 || total
-------------------------+-------+-------++-------
Melee: Unarmed           |     8 |       ||     8
 Cast: Magic Dart        |    81 |    49 ||   130
       Iskenderun's Myst |       |    10 ||    10
  Eat: Chunk             |     1 |     2 ||     3
       Bread ration      |       |     1 ||     1
